 Dungeon Crawl Stone Soup version 0.25-a0-246-g58704a1ebd (webtiles) character file.

Game seed: 8306535066797323741, levelgen mode: deterministic

581 floatRand the Chopper (level 7, -4/52 HPs)
             Began as a Demonspawn Monk on Dec 3, 2019.
             Killed from afar by an orc (16 damage)
             ... with a bolt of acid
             ... on level 4 of the Dungeon.
             The game lasted 00:05:15 (4162 turns).

floatRand the Chopper (Demonspawn Monk)             Turns: 4162, Time: 00:05:16

Health: -4/52      AC:  5    Str: 14    XL:     7   Next: 14%
Magic:  7/7        EV: 14    Int: 11    God:
Gold:   145        SH:  0    Dex: 17    Spells: 6/6 levels left

rFire    . . .     SeeInvis .   a - +0 hand axe
rCold    + . .     Gourm    .   (no shield)
rNeg     . . .     Faith    .   q - +1 leather armour {rC+}
rPois    .         Spirit   .   (helmet restricted)
rElec    .         Reflect  .   (no cloak)
rCorr    .         Harm     .   n - +0 pair of gloves
MR       .....                  (no boots)
Stlth    ++........             (no amulet)
HPRegen  0.17/turn              (no ring)
MPRegen  0.10/turn              (no ring)

@: no status effects
A: horns 2, thin skeletal structure 1
a: no special abilities


You were on level 4 of the Dungeon.
You were hungry.

You visited 1 branch of the dungeon, and saw 4 of its levels.

You collected 145 gold pieces.

Inventory:

Hand Weapons
 a - a +0 hand axe (weapon)
Missiles
 p - a throwing net (quivered)
Armour
 b - a +0 robe
 i - a +0 plate armour
 n - a +0 pair of gloves (worn)
 q - a +1 leather armour of cold resistance (worn)
Scrolls
 d - 2 scrolls of fog
 e - 2 scrolls of teleportation
 f - a scroll of magic mapping
 g - 2 scrolls of amnesia
 h - 4 scrolls of remove curse
 j - 4 scrolls of identify
 o - a scroll of blinking
Potions
 m - a potion of might
 r - 2 potions of heal wounds
 t - a potion of brilliance {unknown}
Comestibles
 c - 9 rations


   Skills:
 - Level 3.0 Fighting
 * Level 6.3 Axes
 + Level 4.8 Dodging
 - Level 1.7 Stealth


You had 6 spell levels left.
You didn't know any spells.
Your spell library was empty.

Dungeon Overview and Level Annotations

Branches:
Dungeon (4/15)
 Temple: D:4-7

Altars:
The Shining One


Innate Abilities, Weirdness & Mutations

You have a pair of horns on your head.
You have a somewhat thin skeletal structure. (Dex +2, Stealth)


Message History

The leopard gecko bites you but does no damage.
Unknown command.
Unknown command.
You hit the ogre.
The ogre is severely wounded.
You barely miss the orc. You hit the leopard gecko.
You kill the leopard gecko!
The ogre hits you with a +0 giant club! The orc hits you with a +0 whip.
* * * LOW HITPOINT WARNING * * *
Unknown command.
Unknown command.
Unknown command.
Unknown command.
Unknown command.
You are feeling hungry.
The orc throws a boomerang.
The boomerang barely misses you.
The weapon returns to the orc!
Found a stone staircase leading up.
The orc zaps a wand.
The bolt of acid hits you!
You die...

.............[...###.##
#..< ............(...##
#..###........##.....#
#............# ##....#
#............###......
#....[o.o...###.......
..#........###.##.#..
#...O.(.###..####..
##.@?.........##.#..
..................O....#
#......#........(.....##
#......................#
..#.....##..............
. #o...##........####.#.
.........#..........#.
...........##.#.###...#
......##........###...


You could see an ogre and 3 orcs.

Vanquished Creatures
  Sigmund (D:2)
  An ogre (D:4)
  A centaur zombie (D:4)
  A hound (D:4)
  An orc priest (D:3)
  A bullfrog skeleton (D:4)
  An orc wizard (D:3)
  An iguana (D:4)
  6 adders
  4 worms
  3 dart slugs (D:1)
  5 leopard geckos
  9 orcs (D:3)
  5 bats
  4 giant cockroaches
  11 goblins
  6 hobgoblins
  5 jackals
  8 kobolds
  A quokka (D:2)
  4 frilled lizards
  A leopard gecko skeleton (D:4)
  A quokka skeleton (D:4)
  4 rats (D:1)
85 creatures vanquished.

Notes
Turn   | Place    | Note
-------+----------+-------------------------------------------
     0 | D:1      | floatRand the Demonspawn Monk began the quest for the Orb.
     0 | D:1      | Reached XP level 1. HP: 18/18 MP: 1/1
   288 | D:1      | Reached skill level 3 in Axes
   298 | D:1      | Gained mutation: You have a pair of small horns on your
                  | head. [demonic ancestry]
   298 | D:1      | Reached XP level 2. HP: 23/24 MP: 2/2
   877 | D:1      | Reached XP level 3. HP: 28/29 MP: 3/3
  1165 | D:2      | HP: 2/43 [poisoned by an adder]
  1678 | D:2      | Noticed Sigmund
  1900 | D:2      | Reached skill level 4 in Axes
  1900 | D:2      | Reached XP level 4. HP: 34/35 MP: 4/4
  2042 | D:2      | Killed Sigmund
  2042 | D:2      | Reached skill level 5 in Axes
  2042 | D:2      | Gained mutation: You have a somewhat thin skeletal
                  | structure. (Dex +2, Stealth) [demonic ancestry]
  2042 | D:2      | Reached XP level 5. HP: 35/41 MP: 5/5
  2487 | D:3      | Reached XP level 6. HP: 24/47 MP: 6/6
  2712 | D:3      | Found a glowing golden altar of the Shining One.
  3826 | D:4      | Reached skill level 6 in Axes
  3873 | D:4      | Gained mutation: You have a pair of horns on your head.
                  | [demonic ancestry]
  3873 | D:4      | Reached XP level 7. HP: 40/52 MP: 7/7
  4162 | D:4      | Killed from afar by an orc

Levels and vault maps discovered:
D:1:      matt_arrival_spirals, layout_loops_ring
D:2:      layout_basic, nrook_uturn, uniq_sigmund
D:3:      layout_basic, overflow_temple_1_default, first_ration
D:4:      layout_cave_pools, minmay_close_crescents

Skill      XL: |  1  2  3  4  5  6 |
---------------+-------------------+-----
Axes           | 3 4 5 6 |  6.3
Dodging        | 3 4 |  4.8
Fighting       | |  3.0
Stealth        | |  1.7

Action                   |  1- 3 |  4- 6 |  7- 9 || total
-------------------------+-------+-------+-------++-------
Melee: Hand axe          |   103 |   154 |    18 ||   275
       Headbutt          |    16 |    37 |     5 ||    58
Throw: Dart              |       |     4 |     2 ||     6
  Use: Potion            |     3 |     1 |       ||     4
       Scroll            |       |     9 |       ||     9
 Stab: Sleeping          |     6 |     5 |       ||    11
       Distracted        |     1 |       |       ||     1
  Eat: Chunk             |     3 |     6 |     1 ||    10
Armor: Robe              |    11 |       |       ||    11
       Plate armour      |    16 |    29 |       ||    45
       Leather armour    |       |    20 |     4 ||    24
Dodge: Dodged            |    49 |    97 |    19 ||   165

Table legend:
 A = Non-vault XP
 B = Vault XP
 C = Vault XP percentage of total XP
 D = Non-vault monster count
 E = Vault monster count
 F = Vault count percentage of total count
                 A         B        C        D         E       F
            +---------+---------+-------+---------+---------+-------
      Total |     604 |     227 |  27.3 |      84 |       1 |   1.2
            +---------+---------+-------+---------+---------+-------
        D:1 |      45 |       0 |   0.0 |      23 |       0 |   0.0
        D:2 |      82 |     227 |  73.5 |      21 |       1 |   4.5
        D:3 |     166 |       0 |   0.0 |      29 |       0 |   0.0
        D:4 |     311 |       0 |   0.0 |      11 |       0 |   0.0
            +---------+---------+-------+---------+---------+-------
